 Dungeon Crawl Stone Soup version 0.20.0-10-g0535bb4 (webtiles) character file.

54 MDvedh the Chopper (level 3, 0/43 HPs)
             Began as a Demonspawn Berserker on June 5, 2017.
             Was a Follower of Trog.
             Succumbed to an adder's poison
             ... on level 2 of the Dungeon.
             The game lasted 00:01:52 (1170 turns).

MDvedh the Chopper (Demonspawn Berserker)           Turns: 1170, Time: 00:01:52

Health: 0/43       AC:  2    Str: 23    XL:     3   Next: 66%
Magic:  1/3        EV: 11    Int:  8    God:    Trog [*.....]
Gold:   90         SH:  0    Dex: 12    Spells: 2/2 levels left

rFire    . . .     SeeInvis .   a - +0 hand axe
rCold    . . .     Gourm    .   (no shield)
rNeg     . . .     Faith    .   h - +0 ring mail
rPois    .         Spirit   +   (helmet restricted)
rElec    .         Reflect  .   (no cloak)
rCorr    .         Harm     .   (no gloves)
MR       .....                  (no boots)
Stlth    ..........             (no amulet)
Regen    0.2/turn               j - -3 ring of protection (curse)
MPRegen  0.1/turn               (no ring)

@: berserking (expiring), lethally poisoned (0 -> -13), very quick
A: horns 1, magic shield
a: Berserk, Burn Spellbooks, Renounce Religion


You were on level 2 of the Dungeon.
You worshipped Trog.
Trog was aware of your devotion.
You were near starving.

You visited 1 branch of the dungeon, and saw 2 of its levels.

You collected 90 gold pieces.

Inventory:

Hand Weapons
 a - a +0 hand axe (weapon)
Armour
 h - a +0 ring mail (worn)
Jewellery
 g - an uncursed ring of fire
 j - a cursed -3 ring of protection (left hand)
Scrolls
 b - a scroll of teleportation
 d - a scroll of identify
Potions
 f - a potion of might
 i - a potion of resistance
Comestibles
 c - 2 bread rations


   Skills:
 + Level 3.2 Fighting
 * Level 3.9 Axes
 + Level 2.1 Armour
 - Level 1.7 Dodging


You had 2 spell levels left.
You didn't know any spells.

Dungeon Overview and Level Annotations

Branches:
Dungeon (2/15)

Altars:
Trog


Innate Abilities, Weirdness & Mutations

You have a pair of small horns on your head.
When hurt, damage is shared between your health and your magic reserves.


Message History

You feel sick. The adder bites you.
* * * LOW HITPOINT WARNING * * *
You hit the adder.
You kill the adder!
Trog accepts your kill.
* * * LOW HITPOINT WARNING * * *
You feel sick.
You are too berserk!
* * * LOW HITPOINT WARNING * * *
You feel sick.
You are too berserk!
Quiver which item? (- for none, * to show all) (? for menu, Esc to quit)
Okay, then.
Quiver which item? (- for none, * to show all) (? for menu, Esc to quit)
Okay, then.
There is a lethal amount of poison in your body!
There is a lethal amount of poison in your body!
There is a lethal amount of poison in your body!
You feel a strong urge to attack something.
You die...

.......## ...#
#.....######...####
##........... .....
#............ ...
#.##......... ...
.....#####.#< #.#
#.#### # #†# ....#
#.# #..<# #@#
..###### #.#
.##....###.......#
##.......###...###
#........)###..
#....#....# ##
#...###....#
'...#y#._..#
#...###..))#


There were no monsters in sight!

Vanquished Creatures
  2 adders (D:2)
  A worm (D:2)
  A dart slug (D:1)
  A leopard gecko (D:1)
  A giant cockroach (D:1)
  2 goblins (D:1)
  3 hobgoblins (D:2)
  4 jackals (D:1)
  3 bats (D:1)
  3 frilled lizards
  2 kobolds (D:1)
  10 rats
33 creatures vanquished.

Notes
Turn   | Place    | Note
-------+----------+-------------------------------------------
     0 | D:1      | MDvedh the Demonspawn Berserker began the quest for the Orb.
     0 | D:1      | Reached XP level 1. HP: 18/18 MP: 1/1
   388 | D:1      | Gained mutation: When hurt, damage is shared between your health and your magic reserves. [demonic ancestry]
   388 | D:1      | Reached XP level 2. HP: 21/24 MP: 2/2
   969 | D:2      | Gained mutation: You have a pair of small horns on your head. [demonic ancestry]
   969 | D:2      | Reached XP level 3. HP: 29/29 MP: 3/3
  1026 | D:2      | Noticed a moth of wrath
  1028 | D:2      | Found a bloodstained altar of Trog.
  1168 | D:2      | HP: 2/43 [poisoned by an adder]
  1170 | D:2      | Succumbed to an adder's poison

Skill      XL: |  1  2 |
---------------+-------+-----
Axes           | 3 |  3.9
Armour         | 2 |  2.1
Fighting       | |  3.2
Dodging        | |  1.7

Action                   || total
-------------------------++-------
Melee: Hand axe          ||    81
       Headbutt          ||     1
Invok: Berserk           ||     2
  Use: Scroll            ||     4
  Eat: Chunk             ||     1
Armor: Animal skin       ||     9
       Ring mail         ||     6
Dodge: Dodged            ||    56
